Canadiens vs Devils
(R1)
Created - May 10, 2018 at 19:06
Goals
|
| Canadiens |
2 |
2 |
3 |
7 |
| Devils |
2 |
2 |
1 |
5 |
|
Shots
|
| Canadiens |
9 |
11 |
11 |
31 |
| Devils |
12 |
11 |
5 |
28 |
|
1st period
1. Devils , Chris Kreider 4 (Tyler Cuma 3, Patrick Kane 5) at 1:23
2. Canadiens , Jason Spezza 3 (Evgeny Dadonov 3, Patrick Sharp 1) at 6:56
3. Canadiens , Joe Pavelski 3 (Sidney Crosby 4, Luke Schenn 2) at 7:20
4. Devils , Mike Komisarek 1 (Taylor Hall 3, Patrick Kane 6) at 18:08
Penalties :
Greg Stewart (Mon) for Slashing (Minor) at 11:21, Mike Komisarek (NJD) for Goalie Interference (Minor) at 15:56, Dennis Wideman (Mon) for Holding Stick (Minor) at 16:01
2nd period
5. Canadiens , Vitaly Vishnevsky 1 (Evgeny Dadonov 4, Jason Spezza 2) at 6:24
6. Devils , Jordan Eberle 1 (Mikko Koivu 5) at 9:02 (PP)
7. Canadiens , Dustin Boyd 3 (Dennis Wideman 3) at 17:32
8. Devils , Martin St. Louis 3 (Kellan Lain 1, Mikko Koivu 6) at 19:49
Penalties :
Mike Komisarek (NJD) for Holding (Minor) at 0:39, Tyler Cuma (NJD) for Tripping (Minor) at 7:00, Jason Spezza (Mon) for Interference (Minor) at 8:42, Greg Stewart (Mon) for Roughing (Minor) at 9:05
3rd period
9. Canadiens , Andrew Ebbett 2 (Luke Schenn 3, Greg Stewart 2) at 3:20
10. Devils , Dmitry Kulikov 1 (Matt Duchene 2, Taylor Hall 4) at 5:54 (PP)
11. Canadiens , Ladislav Nagy 2 (Dennis Wideman 4, Jason Spezza 3) at 9:51 (PP)
12. Canadiens , Joe Pavelski 4 (Sidney Crosby 5) at 19:44 (Empty Net)
Penalties :
Luke Schenn (Mon) for Hooking (Minor) at 0:23, Greg Stewart (Mon) for Hooking (Minor) at 4:44, Mikko Koivu (NJD) for Tripping (Minor) at 8:33, Tyler Cuma (NJD) for Slashing (Minor) at 10:52, Taylor Hall (NJD) for Goalie Interference (Minor) at 13:57, Tyler Cuma (NJD) for Hooking (Minor) at 19:54
Goalie Stats
Jonathan Bernier (Mon), 23 saves from 28 shots - (0.821), W, 1-2-1, 60:00 minutes
Ryan Miller (NJD), 24 saves from 30 shots - (0.800), L, 3-1-0, 59:27 minutes
Players Stats for Canadiens
Player Name G A P +/- PIM S H SB GA TA FO MP PP MP PK MP
------------------------------------------------------------------------------------
Adam Pardy 0 0 0 1 0 1 1 1 0 0 0/0 19:34 3:46 4:33
Andrew Ebbett 1 0 1 1 0 3 2 0 0 0 1/1 8:11 0:00 1:40
Brett Maclean 0 0 0 0 0 1 0 1 1 0 0/0 9:34 0:00 0:00
David Jones 0 0 0 0 0 0 1 0 1 0 0/0 12:21 0:00 1:30
Dennis Wideman 0 2 2 1 2 2 1 0 0 0 0/0 28:19 5:20 3:02
Dustin Boyd 1 0 1 0 0 3 5 1 0 0 4/6 10:33 0:00 0:00
Evgeny Dadonov 0 2 2 1 0 1 0 0 0 0 0/0 14:04 4:07 0:00
Greg Stewart 0 1 1 2 6 2 0 1 2 0 0/1 15:42 0:12 0:20
Jason Spezza 1 2 3 0 2 2 0 0 0 0 10/15 18:58 4:06 4:08
Joe Pavelski 2 0 2 2 0 5 0 0 1 0 3/4 20:11 4:55 0:03
Karl Alzner 0 0 0 2 0 1 0 1 1 0 0/0 16:09 0:00 2:32
Ladislav Nagy 1 0 1 0 0 1 2 0 0 0 0/2 13:11 4:07 4:01
Luke Schenn 0 2 2 1 2 1 2 1 1 0 0/0 28:58 3:46 3:30
Marcel Goc 0 0 0 0 0 0 0 0 0 0 0/0 6:33 0:05 0:00
Patrick Sharp 0 1 1 1 0 2 1 1 0 0 0/0 18:02 4:53 1:15
Sidney Crosby 0 2 2 2 0 4 1 0 1 0 20/37 22:04 4:55 1:33
Vitaly Vishnevsky 1 0 1 1 0 2 1 0 0 0 0/0 18:42 5:21 0:44
Wes O'Neill 0 0 0 0 0 0 0 0 0 0 0/0 9:22 0:00 0:09
Players Stats for Devils
Player Name G A P +/- PIM S H SB GA TA FO MP PP MP PK MP
------------------------------------------------------------------------------------
Anthony Stewart 0 0 0 -2 0 1 0 1 0 0 0/0 8:00 0:04 0:10
Brandon Bollig 0 0 0 -2 0 0 1 0 0 0 0/0 5:51 0:00 0:00
Chris Kreider 1 0 1 -1 0 4 3 0 0 0 0/0 18:45 2:47 0:00
Dmitry Kulikov 1 0 1 -1 0 1 2 0 0 1 0/0 23:53 4:47 5:33
Erik Christensen 0 0 0 -2 0 0 1 0 0 0 1/2 7:39 0:03 1:17
Jonathan Toews 0 0 0 -1 0 0 1 0 0 1 9/22 21:17 2:47 2:01
Jordan Eberle 1 0 1 -2 0 3 1 0 0 0 0/1 18:02 2:50 2:01
Kellan Lain 0 1 1 1 0 0 1 0 0 0 0/1 10:02 0:08 1:11
Kyle Cumiskey 0 0 0 -1 0 1 2 2 0 1 0/0 20:32 1:31 5:45
Martin St. Louis 1 0 1 0 0 3 3 1 0 1 0/0 8:38 0:00 0:00
Matt Duchene 0 1 1 -1 0 5 4 1 0 0 8/21 17:08 4:22 0:46
Mike Komisarek 1 0 1 -3 4 1 0 5 0 0 0/0 22:42 0:04 3:24
Mikko Koivu 0 2 2 1 2 2 0 1 0 1 9/16 13:59 0:03 5:09
Patrick Kane 0 2 2 1 0 5 0 1 0 1 0/2 24:27 4:20 5:49
Ryan Whitney 0 0 0 2 0 0 3 1 0 0 0/0 20:48 4:05 3:12
Taylor Hall 0 2 2 -1 2 1 3 0 0 1 1/1 15:54 4:17 0:00
Travis Hamonic 0 0 0 0 0 0 0 2 0 0 0/0 5:25 0:56 0:00
Tyler Cuma 0 1 1 -3 6 1 3 1 0 1 0/0 25:33 3:11 0:10
3 Stars
1 - Joe Pavelski (Mon)
2 - Dustin Boyd (Mon)
3 - Sidney Crosby (Mon)
Power Play
Canadiens - 1 on 7 Attempt(s) - 14.29%
Devils - 2 on 6 Attempt(s) - 33.33%
Penalty Kill
Canadiens - 4 on 6 Attempt(s) - 66.67%
- Score 0 goal in Penalty Kill
Devils - 6 on 7 Attempt(s) - 85.71%
- Score 0 goal in Penalty Kill
Team Stat
Canadiens - Hits : 17 - Faceoff Wins : 38 - Blocked Shots : 7 - Penalty Minutes : 12
Devils - Hits : 28 - Faceoff Wins : 28 - Blocked Shots : 16 - Penalty Minutes : 14
Official
Referees : LaRue Dennis and Watson Brad
Linesman : Ryan Galloway and Mike Cvik
Game Notes
Travis Hamonic is injured at 13:35 of 1st period (Sprained Left Knee)
Joe Pavelski has scored in a empty net!
Finance
Level 1 -- Attendance: 6000 (100.00%) -- Ticket Income $540,000
Level 2 -- Attendance: 5000 (100.00%) -- Ticket Income $285,000
Level 3 -- Attendance: 2000 (100.00%) -- Ticket Income $66,000
Level 4 -- Attendance: 4000 (100.00%) -- Ticket Income $100,000
Luxury Box -- Attendance: 1000 (100.00%) -- Ticket Income $155,000
Game was played at the The prudential Center.
Total Attendance: 18000 (100.00%)
Total Ticket Income: $1,146,000
Other Income: $171,900
Total Income: $1,317,900
Canadiens
5 vs 5 Forward
Center Left Wing Right Wing Time % Phy DF OF
1 Sidney Crosby Greg Stewart Joe Pavelski 40 1 2 2
2 Jason Spezza Patrick Sharp Evgeny Dadonov 30 1 2 2
3 Dustin Boyd Brett Maclean David Jones 20 1 2 2
4 Andrew Ebbett Ladislav Nagy Marcel Goc 10 1 2 2
5 vs 5 Defense
Defense Defense Time % Phy DF OF
1 Luke Schenn Dennis Wideman 40 1 2 2
2 Vitaly Vishnevsky Karl Alzner 30 1 2 2
3 Wes O'Neill Adam Pardy 20 1 2 2
4 Luke Schenn Dennis Wideman 10 1 2 2
PowerPlay Forward
Center Left Wing Right Wing Time % Phy DF OF
1 Sidney Crosby Patrick Sharp Joe Pavelski 60 1 2 2
2 Jason Spezza Ladislav Nagy Evgeny Dadonov 40 1 2 2
PowerPlay Defense
Defense Defense Time % Phy DF OF
1 Dennis Wideman Vitaly Vishnevsky 60 1 2 2
2 Luke Schenn Adam Pardy 40 1 2 2
Penalty Kill 4 Players Forward
Center Wing Time % Phy DF OF
1 Jason Spezza Ladislav Nagy 60 1 2 2
2 Sidney Crosby David Jones 40 1 2 2
Penalty Kill 4 Players Defense
Defense Defense Time % Phy DF OF
1 Luke Schenn Adam Pardy 60 1 2 2
2 Dennis Wideman Karl Alzner 40 1 2 2
Penalty Kill - 3 Players Forward
Forward Time % Phy DF OF
1 Sidney Crosby 60 1 2 2
2 Andrew Ebbett 40 1 2 2
Penalty Kill - 3 Players Defense
Defense Defense Time % Phy DF OF
1 Luke Schenn Adam Pardy 60 1 2 2
2 Dennis Wideman Karl Alzner 40 1 2 2
4 vs 4 Forward
Center Wing Time % Phy DF OF
1 Sidney Crosby Joe Pavelski 60 1 2 2
2 Jason Spezza Patrick Sharp 40 1 2 2
4 vs 4 Defense
Defense Defense Time % Phy DF OF
1 Luke Schenn Dennis Wideman 60 1 2 2
2 Adam Pardy Vitaly Vishnevsky 40 1 2 2
Last Minutes Offensive
Center Left Wing Right Wing Defense Defense
Sidney Crosby Patrick Sharp Joe Pavelski Luke Schenn Dennis Wideman
Last Minutes Defensive
Center Left Wing Right Wing Defense Defense
Sidney Crosby Patrick Sharp Joe Pavelski Luke Schenn Adam Pardy
Goaltenders
Starting : Jonathan Bernier
Backup : Mikael Tellqvist
Extra Forwards
Normal : Patrick Sharp, Dustin Boyd, Marcel Goc - PP : Greg Stewart, Marcel Goc - PK : Andrew Ebbett
Extra Defensemen
Normal : Wes O'Neill, Adam Pardy, Luke Schenn - PP : Wes O'Neill - PK : Adam Pardy, Luke Schenn
Penalty Shots
Sidney Crosby, Dustin Boyd, Joe Pavelski, Jason Spezza, Greg Stewart
Scratches
Cal Clutterbuck (Healthy)
Devils
5 vs 5 Forward
Center Left Wing Right Wing Time % Phy DF OF
1 Jonathan Toews Chris Kreider Patrick Kane 40 0 2 3
2 Matt Duchene Taylor Hall Jordan Eberle 30 0 2 3
3 Mikko Koivu Kellan Lain Martin St. Louis 20 0 2 3
4 Erik Christensen Brandon Bollig Anthony Stewart 10 0 2 3
5 vs 5 Defense
Defense Defense Time % Phy DF OF
1 Mike Komisarek Tyler Cuma 40 1 2 2
2 Travis Hamonic Dmitry Kulikov 30 1 2 2
3 Ryan Whitney Kyle Cumiskey 20 1 2 2
4 Travis Hamonic Ryan Whitney 10 1 2 2
PowerPlay Forward
Center Left Wing Right Wing Time % Phy DF OF
1 Matt Duchene Taylor Hall Patrick Kane 60 0 2 3
2 Jonathan Toews Chris Kreider Jordan Eberle 40 0 2 3
PowerPlay Defense
Defense Defense Time % Phy DF OF
1 Dmitry Kulikov Ryan Whitney 60 0 2 3
2 Tyler Cuma Travis Hamonic 40 0 2 3
Penalty Kill 4 Players Forward
Center Wing Time % Phy DF OF
1 Mikko Koivu Patrick Kane 60 1 2 2
2 Jonathan Toews Jordan Eberle 40 1 2 2
Penalty Kill 4 Players Defense
Defense Defense Time % Phy DF OF
1 Travis Hamonic Kyle Cumiskey 60 1 2 2
2 Mike Komisarek Ryan Whitney 40 1 2 2
Penalty Kill - 3 Players Forward
Forward Time % Phy DF OF
1 Jordan Eberle 60 1 2 2
2 Patrick Kane 40 1 2 2
Penalty Kill - 3 Players Defense
Defense Defense Time % Phy DF OF
1 Travis Hamonic Kyle Cumiskey 60 1 2 2
2 Mike Komisarek Ryan Whitney 40 1 2 2
4 vs 4 Forward
Center Wing Time % Phy DF OF
1 Mikko Koivu Jordan Eberle 60 1 2 2
2 Jonathan Toews Chris Kreider 40 1 2 2
4 vs 4 Defense
Defense Defense Time % Phy DF OF
1 Mike Komisarek Dmitry Kulikov 60 1 2 2
2 Tyler Cuma Ryan Whitney 40 1 2 2
Last Minutes Offensive
Center Left Wing Right Wing Defense Defense
Matt Duchene Chris Kreider Patrick Kane Tyler Cuma Travis Hamonic
Last Minutes Defensive
Center Left Wing Right Wing Defense Defense
Matt Duchene Chris Kreider Jordan Eberle Mike Komisarek Travis Hamonic
Goaltenders
Starting : Ryan Miller
Backup : James Reimer
Extra Forwards
Normal : Jordan Eberle, Jonathan Toews, Chris Kreider - PP : Jordan Eberle, Jonathan Toews - PK : Erik Christensen
Extra Defensemen
Normal : Tyler Cuma, Mike Komisarek, Dmitry Kulikov - PP : Tyler Cuma - PK : Mike Komisarek, Dmitry Kulikov
Penalty Shots
Patrick Kane, Jonathan Toews, Mikko Koivu, Jordan Eberle, Chris Kreider
Scratches
Kurt Sauer (Healthy)
% Time on Ice - Canadiens
Lines # - Real PCT - Wanted PCT - Time Play
Normal Forward
1 - 34% - 40% - 13:56
2 - 30% - 30% - 12:07
3 - 24% - 20% - 9:34
4 - 12% - 10% - 4:53
Normal Defense
1 - 43% - 40% - 17:36
2 - 32% - 30% - 13:01
3 - 19% - 20% - 7:45
4 - 5% - 10% - 2:08
PP Forward
1 - 55% - 60% - 5:00
2 - 45% - 40% - 4:07
PP Defense
1 - 59% - 60% - 5:21
2 - 41% - 40% - 3:46
PK Forward
1 - 78% - 60% - 5:40
2 - 22% - 40% - 1:35
PK Defense
1 - 76% - 60% - 5:29
2 - 24% - 40% - 1:46
PK3 Forward
1 - 0% - 60%
2 - 0% - 40%
PK3 Defense
1 - 0% - 60%
2 - 0% - 40%
44 Forward
1 - 70% - 60% - 1:32
2 - 30% - 40% - 0:39
44 Defense
1 - 74% - 60% - 1:37
2 - 26% - 40% - 0:34
Last Minute Offensive - 0:00
Last Minute Defensive - 0:57
Total
Forward - 60:00
Defense - 60:00
|
% Time on Ice - Devils
Lines # - Real PCT - Wanted PCT - Time Play
Normal Forward
1 - 34% - 40% - 13:43
2 - 33% - 30% - 13:20
3 - 19% - 20% - 7:33
4 - 14% - 10% - 5:51
Normal Defense
1 - 38% - 40% - 15:32
2 - 30% - 30% - 12:20
3 - 16% - 20% - 6:22
4 - 15% - 10% - 6:13
PP Forward
1 - 62% - 60% - 4:28
2 - 38% - 40% - 2:47
PP Defense
1 - 57% - 60% - 4:08
2 - 43% - 40% - 3:07
PK Forward
1 - 78% - 60% - 7:06
2 - 22% - 40% - 2:01
PK Defense
1 - 77% - 60% - 7:00
2 - 23% - 40% - 2:07
PK3 Forward
1 - 0% - 60%
2 - 0% - 40%
PK3 Defense
1 - 0% - 60%
2 - 0% - 40%
44 Forward
1 - 74% - 60% - 1:37
2 - 26% - 40% - 0:34
44 Defense
1 - 100% - 60% - 2:11
2 - 0% - 40% - 0:00
Last Minute Offensive - 1:00
Last Minute Defensive - 0:00
Total
Forward - 60:00
Defense - 60:00
|
Play by Play
1st period
0:01 of 1st period - Jonathan Toews wins face-off versus Sidney Crosby in neutral zone.
0:16 of 1st period - Slapshot by Greg Stewart.
0:16 of 1st period - Shot Misses the Net.
0:28 of 1st period - Snap shot by Dustin Boyd.
0:28 of 1st period - Shot Misses the Net.
0:50 of 1st period - Slapshot by Chris Kreider.
0:50 of 1st period - Stopped by Jonathan Bernier with a rebound.
1:19 of 1st period - Slapshot by Chris Kreider.
1:19 of 1st period - Stopped by Jonathan Bernier with a rebound.
1:21 of 1st period - Slapshot by Tyler Cuma.
1:21 of 1st period - Stopped by Jonathan Bernier with a rebound.
1:23 of 1st period - Wrist shot by Chris Kreider.
1:23 of 1st period - Goal by Chris Kreider - Canadiens : 0 - Devils : 1.
1:24 of 1st period - Jason Spezza wins face-off versus Matt Duchene in neutral zone.
1:33 of 1st period - Wrist shot by Patrick Sharp.
1:33 of 1st period - Stopped by Ryan Miller with a rebound.
1:35 of 1st period - Slapshot by Wes O'Neill.
1:35 of 1st period - Shot Blocked by Travis Hamonic.
3:00 of 1st period - Travis Hamonic is hit by Dustin Boyd.
3:26 of 1st period - Slapshot by Jonathan Toews.
3:26 of 1st period - Shot Misses the Net.
3:42 of 1st period - Wrist shot by Jason Spezza.
3:42 of 1st period - Shot Blocked by Martin St. Louis.
3:44 of 1st period - Wrist shot by Vitaly Vishnevsky.
3:44 of 1st period - Shot Blocked by Mikko Koivu.
3:46 of 1st period - Slapshot by Karl Alzner.
3:46 of 1st period - Shot Blocked by Mike Komisarek.
4:43 of 1st period - Kyle Cumiskey is hit by David Jones and loses puck.
5:22 of 1st period - Wrist shot by Brett Maclean.
5:22 of 1st period - Deflect By Dustin Boyd.
5:22 of 1st period - Shot Misses the Net.
5:22 of 1st period - Puck is out of play.
5:23 of 1st period - Sidney Crosby wins face-off versus Jordan Eberle in Devils zone.
5:26 of 1st period - Wrist shot by Greg Stewart.
5:26 of 1st period - Shot Blocked by Matt Duchene.
5:28 of 1st period - Snap shot by Greg Stewart.
5:28 of 1st period - Stopped by Ryan Miller without a rebound.
5:29 of 1st period - Taylor Hall wins face-off versus Sidney Crosby in Devils zone.
6:41 of 1st period - Wrist shot by Anthony Stewart.
6:41 of 1st period - Stopped by Jonathan Bernier without a rebound.
6:42 of 1st period - Jason Spezza wins face-off versus Erik Christensen in Canadiens zone.
6:42 of 1st period - Jason Spezza is hit by Tyler Cuma.
6:56 of 1st period - Wrist shot by Jason Spezza.
6:56 of 1st period - Goal by Jason Spezza - Canadiens : 1 - Devils : 1.
6:57 of 1st period - Sidney Crosby wins face-off versus Matt Duchene in neutral zone.
7:02 of 1st period - Snap shot by Greg Stewart.
7:02 of 1st period - Stopped by Ryan Miller with a rebound.
7:04 of 1st period - Snap shot by Sidney Crosby.
7:04 of 1st period - Stopped by Ryan Miller without a rebound.
7:05 of 1st period - Matt Duchene wins face-off versus Sidney Crosby in Devils zone.
7:12 of 1st period - Snap shot by Matt Duchene.
7:12 of 1st period - Stopped by Jonathan Bernier with a rebound.
7:18 of 1st period - Slapshot by Sidney Crosby.
7:18 of 1st period - Stopped by Ryan Miller with a rebound.
7:20 of 1st period - Snap shot by Joe Pavelski.
7:20 of 1st period - Goal by Joe Pavelski - Canadiens : 2 - Devils : 1.
7:21 of 1st period - Jason Spezza wins face-off versus Matt Duchene in neutral zone.
7:26 of 1st period - Snap shot by Patrick Sharp.
7:26 of 1st period - Shot Misses the Net.
8:33 of 1st period - Icing by Wes O'Neill.
8:34 of 1st period - Matt Duchene wins face-off versus Dustin Boyd in Canadiens zone.
9:08 of 1st period - Snap shot by Sidney Crosby.
9:08 of 1st period - Shot Misses the Net.
9:10 of 1st period - Snap shot by Luke Schenn.
9:10 of 1st period - Shot Misses the Net.
9:59 of 1st period - Off-side.
10:00 of 1st period - Dustin Boyd wins face-off versus Matt Duchene in neutral zone.
10:16 of 1st period - Adam Pardy is hit by Matt Duchene.
10:26 of 1st period - Chris Kreider is hit by Sidney Crosby and loses puck.
10:35 of 1st period - Snap shot by Patrick Kane.
10:35 of 1st period - Shot Misses the Net.
10:37 of 1st period - Slapshot by Kyle Cumiskey.
10:37 of 1st period - Stopped by Jonathan Bernier without a rebound.
10:38 of 1st period - Jason Spezza wins face-off versus Matt Duchene in Canadiens zone.
11:07 of 1st period - Backhand shot by Chris Kreider.
11:07 of 1st period - Stopped by Jonathan Bernier with a rebound.
11:09 of 1st period - Wrist shot by Chris Kreider.
11:09 of 1st period - Shot Misses the Net.
11:11 of 1st period - Slapshot by Ryan Whitney.
11:11 of 1st period - Shot Misses the Net.
11:13 of 1st period - Snap shot by Jonathan Toews.
11:13 of 1st period - Shot Misses the Net.
11:15 of 1st period - Slapshot by Ryan Whitney.
11:15 of 1st period - Shot Blocked by Luke Schenn.
11:21 of 1st period - Minor Penalty to Greg Stewart for Slashing.
11:22 of 1st period - Matt Duchene wins face-off versus Jason Spezza in Canadiens zone.
11:25 of 1st period - Snap shot by Matt Duchene.
11:25 of 1st period - Stopped by Jonathan Bernier with a rebound.
11:27 of 1st period - Snap shot by Patrick Kane.
11:27 of 1st period - Stopped by Jonathan Bernier with a rebound.
12:41 of 1st period - Sidney Crosby is hit by Chris Kreider and loses puck.
13:21 of 1st period - Penalty to Greg Stewart is over, Greg Stewart is back on ice.
13:33 of 1st period - Snap shot by Patrick Sharp.
13:33 of 1st period - Stopped by Ryan Miller with a rebound.
13:35 of 1st period - Wrist shot by Andrew Ebbett.
13:35 of 1st period - Shot Blocked by Travis Hamonic.
13:35 of 1st period - Travis Hamonic from Devils is injured at 13:35 of 1st period (Sprained Left Knee).
13:36 of 1st period - Jason Spezza wins face-off versus Jonathan Toews in Devils zone.
14:58 of 1st period - Snap shot by Dustin Boyd.
14:58 of 1st period - Stopped by Ryan Miller with a rebound.
15:56 of 1st period - Minor Penalty to Mike Komisarek for Goalie Interference.
15:57 of 1st period - Mikko Koivu wins face-off versus Sidney Crosby in Devils zone.
16:01 of 1st period - Minor Penalty to Dennis Wideman for Holding Stick.
16:02 of 1st period - Sidney Crosby wins face-off versus Mikko Koivu in Canadiens zone.
16:44 of 1st period - Slapshot by Jonathan Toews.
16:44 of 1st period - Shot Misses the Net.
16:46 of 1st period - Wrist shot by Chris Kreider.
16:46 of 1st period - Shot Blocked by Adam Pardy.
17:24 of 1st period - Kyle Cumiskey is hit by Dustin Boyd and loses puck.
17:45 of 1st period - Jonathan Toews is hit by Adam Pardy and loses puck.
17:56 of 1st period - Penalty to Mike Komisarek is over, Mike Komisarek is back on ice.
18:01 of 1st period - Penalty to Dennis Wideman is over, Dennis Wideman is back on ice.
18:04 of 1st period - Snap shot by Taylor Hall.
18:04 of 1st period - Stopped by Jonathan Bernier with a rebound.
18:06 of 1st period - Slapshot by Mike Komisarek.
18:06 of 1st period - Shot Blocked by Patrick Sharp.
18:08 of 1st period - Slapshot by Mike Komisarek.
18:08 of 1st period - Goal by Mike Komisarek - Canadiens : 2 - Devils : 2.
18:09 of 1st period - Sidney Crosby wins face-off versus Jonathan Toews in neutral zone.
18:36 of 1st period - Sidney Crosby is hit by Matt Duchene and loses puck.
18:57 of 1st period - Luke Schenn is hit by Brandon Bollig and loses puck.
19:10 of 1st period - Snap shot by Anthony Stewart.
19:10 of 1st period - Shot Misses the Net.
Goals for this period are 2 for Canadiens vs 2 for Devils.
Shots for this period are 9 for Canadiens vs 12 for Devils.
2nd period
0:01 of 2nd period - Jonathan Toews wins face-off versus Sidney Crosby in neutral zone.
0:32 of 2nd period - Wrist shot by Jason Spezza.
0:32 of 2nd period - Shot Blocked by Mike Komisarek.
0:39 of 2nd period - Minor Penalty to Mike Komisarek for Holding.
0:40 of 2nd period - Sidney Crosby wins face-off versus Mikko Koivu in Devils zone.
1:12 of 2nd period - Wrist shot by Evgeny Dadonov.
1:12 of 2nd period - Stopped by Ryan Miller without a rebound.
1:13 of 2nd period - Sidney Crosby wins face-off versus Mikko Koivu in Devils zone.
1:18 of 2nd period - Wrist shot by Joe Pavelski.
1:18 of 2nd period - Stopped by Ryan Miller without a rebound.
1:19 of 2nd period - Sidney Crosby wins face-off versus Mikko Koivu in Devils zone.
1:22 of 2nd period - Slapshot by Joe Pavelski.
1:22 of 2nd period - Shot Misses the Net.
1:31 of 2nd period - Off-side.
1:32 of 2nd period - Mikko Koivu wins face-off versus Sidney Crosby in neutral zone.
1:36 of 2nd period - Off-side.
1:37 of 2nd period - Joe Pavelski wins face-off versus Mikko Koivu in neutral zone.
2:00 of 2nd period - Slapshot by Vitaly Vishnevsky.
2:00 of 2nd period - Stopped by Ryan Miller with a rebound.
2:02 of 2nd period - Slapshot by Vitaly Vishnevsky.
2:02 of 2nd period - Shot Blocked by Kyle Cumiskey.
2:04 of 2nd period - Slapshot by Dennis Wideman.
2:04 of 2nd period - Shot Misses the Net.
2:06 of 2nd period - Slapshot by Sidney Crosby.
2:06 of 2nd period - Stopped by Ryan Miller without a rebound.
2:07 of 2nd period - Mikko Koivu wins face-off versus Jason Spezza in Devils zone.
2:16 of 2nd period - Mikko Koivu is hit by Ladislav Nagy and loses puck.
2:39 of 2nd period - Penalty to Mike Komisarek is over, Mike Komisarek is back on ice.
2:55 of 2nd period - Wrist shot by Erik Christensen.
2:55 of 2nd period - Shot Blocked by Brett Maclean.
3:35 of 2nd period - Luke Schenn is hit by Tyler Cuma.
3:41 of 2nd period - Martin St. Louis is hit by Luke Schenn.
4:18 of 2nd period - Slapshot by Ryan Whitney.
4:18 of 2nd period - Deflect By Jonathan Toews.
4:18 of 2nd period - Shot Misses the Net.
4:18 of 2nd period - Puck is out of play.
4:19 of 2nd period - Dustin Boyd wins face-off versus Jonathan Toews in Canadiens zone.
4:25 of 2nd period - Off-side.
4:26 of 2nd period - Sidney Crosby wins face-off versus Matt Duchene in neutral zone.
4:28 of 2nd period - Off-side.
4:29 of 2nd period - Sidney Crosby wins face-off versus Matt Duchene in neutral zone.
4:37 of 2nd period - Snap shot by Matt Duchene.
4:37 of 2nd period - Stopped by Jonathan Bernier without a rebound.
4:38 of 2nd period - Sidney Crosby wins face-off versus Jonathan Toews in Canadiens zone.
4:52 of 2nd period - Icing by Tyler Cuma.
4:53 of 2nd period - Jonathan Toews wins face-off versus Jason Spezza in Devils zone.
4:58 of 2nd period - Snap shot by Patrick Kane.
4:58 of 2nd period - Shot Misses the Net.
5:25 of 2nd period - Wrist shot by Sidney Crosby.
5:25 of 2nd period - Shot Blocked by Kyle Cumiskey.
5:27 of 2nd period - Slapshot by Joe Pavelski.
5:27 of 2nd period - Deflect By Sidney Crosby.
5:27 of 2nd period - Shot Blocked by Ryan Whitney.
5:27 of 2nd period - Puck is out of play.
5:28 of 2nd period - Jason Spezza wins face-off versus Matt Duchene in Devils zone.
5:43 of 2nd period - Snap shot by Jordan Eberle.
5:43 of 2nd period - Shot Blocked by Karl Alzner.
5:45 of 2nd period - Slapshot by Matt Duchene.
5:45 of 2nd period - Stopped by Jonathan Bernier without a rebound.
5:46 of 2nd period - Sidney Crosby wins face-off versus Jonathan Toews in Canadiens zone.
5:51 of 2nd period - Mike Komisarek is hit by Dennis Wideman and loses puck.
5:58 of 2nd period - Greg Stewart is hit by Chris Kreider and loses puck.
6:13 of 2nd period - Jason Spezza is hit by Matt Duchene and loses puck.
6:24 of 2nd period - Slapshot by Vitaly Vishnevsky.
6:24 of 2nd period - Goal by Vitaly Vishnevsky - Canadiens : 3 - Devils : 2.
6:25 of 2nd period - Jonathan Toews wins face-off versus Sidney Crosby in neutral zone.
6:36 of 2nd period - Slapshot by Luke Schenn.
6:36 of 2nd period - Shot Misses the Net.
7:00 of 2nd period - Minor Penalty to Tyler Cuma for Tripping.
7:01 of 2nd period - Mikko Koivu wins face-off versus Sidney Crosby in Devils zone.
7:56 of 2nd period - Icing by Adam Pardy.
7:57 of 2nd period - Sidney Crosby wins face-off versus Mikko Koivu in Canadiens zone.
8:42 of 2nd period - Minor Penalty to Jason Spezza for Interference.
8:43 of 2nd period - Mikko Koivu wins face-off versus Sidney Crosby in Canadiens zone.
8:46 of 2nd period - Snap shot by Jordan Eberle.
8:46 of 2nd period - Stopped by Jonathan Bernier with a rebound.
8:48 of 2nd period - Slapshot by Mikko Koivu.
8:48 of 2nd period - Stopped by Jonathan Bernier without a rebound.
8:49 of 2nd period - Mikko Koivu wins face-off versus Sidney Crosby in Canadiens zone.
9:00 of 2nd period - Penalty to Tyler Cuma is over, Tyler Cuma is back on ice.
9:02 of 2nd period - Snap shot by Jordan Eberle.
9:02 of 2nd period - Goal by Jordan Eberle - Canadiens : 3 - Devils : 3.
9:03 of 2nd period - Sidney Crosby wins face-off versus Jonathan Toews in neutral zone.
9:05 of 2nd period - Minor Penalty to Greg Stewart for Roughing.
9:06 of 2nd period - Jason Spezza wins face-off versus Matt Duchene in Canadiens zone.
9:06 of 2nd period - Jason Spezza is hit by Taylor Hall.
9:37 of 2nd period - Adam Pardy is hit by Jordan Eberle and loses puck.
10:36 of 2nd period - Dmitry Kulikov is hit by Patrick Sharp.
11:05 of 2nd period - Penalty to Greg Stewart is over, Greg Stewart is back on ice.
11:10 of 2nd period - Sidney Crosby is hit by Martin St. Louis and loses puck.
12:30 of 2nd period - Adam Pardy is hit by Tyler Cuma and loses puck.
13:11 of 2nd period - Slapshot by Vitaly Vishnevsky.
13:11 of 2nd period - Deflect By Andrew Ebbett.
13:11 of 2nd period - Shot Misses the Net.
13:11 of 2nd period - Puck is out of play.
13:12 of 2nd period - Andrew Ebbett wins face-off versus Matt Duchene in Devils zone.
13:23 of 2nd period - Jordan Eberle is hit by Ladislav Nagy and loses puck.
13:38 of 2nd period - Dustin Boyd is hit by Matt Duchene and loses puck.
14:07 of 2nd period - Chris Kreider is hit by Vitaly Vishnevsky and loses puck.
14:22 of 2nd period - Luke Schenn is hit by Kellan Lain and loses puck.
14:51 of 2nd period - Wrist shot by Andrew Ebbett.
14:51 of 2nd period - Stopped by Ryan Miller with a rebound.
15:01 of 2nd period - Slapshot by Patrick Kane.
15:01 of 2nd period - Stopped by Jonathan Bernier without a rebound.
15:02 of 2nd period - Dustin Boyd wins face-off versus Jonathan Toews in Canadiens zone.
15:09 of 2nd period - Wrist shot by Chris Kreider.
15:09 of 2nd period - Shot Blocked by Dustin Boyd.
15:32 of 2nd period - Snap shot by Adam Pardy.
15:32 of 2nd period - Stopped by Ryan Miller with a rebound.
15:34 of 2nd period - Snap shot by Brett Maclean.
15:34 of 2nd period - Stopped by Ryan Miller without a rebound.
15:35 of 2nd period - Sidney Crosby wins face-off versus Matt Duchene in Devils zone.
15:50 of 2nd period - Slapshot by Matt Duchene.
15:50 of 2nd period - Deflect By Greg Stewart.
15:50 of 2nd period - Shot Misses the Net.
15:50 of 2nd period - Puck is out of play.
15:51 of 2nd period - Jason Spezza wins face-off versus Jonathan Toews in Canadiens zone.
15:58 of 2nd period - Slapshot by Luke Schenn.
15:58 of 2nd period - Shot Blocked by Patrick Kane.
16:00 of 2nd period - Wrist shot by Evgeny Dadonov.
16:00 of 2nd period - Shot Blocked by Mike Komisarek.
16:02 of 2nd period - Snap shot by Jason Spezza.
16:02 of 2nd period - Stopped by Ryan Miller without a rebound.
16:03 of 2nd period - Jonathan Toews wins face-off versus Greg Stewart in Devils zone.
16:30 of 2nd period - Evgeny Dadonov is hit by Taylor Hall and loses puck.
16:53 of 2nd period - Snap shot by Martin St. Louis.
16:53 of 2nd period - Stopped by Jonathan Bernier with a rebound.
16:57 of 2nd period - Wrist shot by Mikko Koivu.
16:57 of 2nd period - Stopped by Jonathan Bernier with a rebound.
16:59 of 2nd period - Wrist shot by Martin St. Louis.
16:59 of 2nd period - Stopped by Jonathan Bernier without a rebound.
17:00 of 2nd period - Jonathan Toews wins face-off versus Sidney Crosby in Canadiens zone.
17:09 of 2nd period - Wrist shot by Sidney Crosby.
17:09 of 2nd period - Shot Misses the Net.
17:15 of 2nd period - Wrist shot by Greg Stewart.
17:15 of 2nd period - Shot Misses the Net.
17:27 of 2nd period - Jonathan Toews is hit by Dustin Boyd and loses puck.
17:32 of 2nd period - Snap shot by Dustin Boyd.
17:32 of 2nd period - Goal by Dustin Boyd - Canadiens : 4 - Devils : 3.
17:33 of 2nd period - Matt Duchene wins face-off versus Joe Pavelski in neutral zone.
17:43 of 2nd period - Wrist shot by Taylor Hall.
17:43 of 2nd period - Shot Blocked by Greg Stewart.
17:45 of 2nd period - Snap shot by Jordan Eberle.
17:45 of 2nd period - Stopped by Jonathan Bernier without a rebound.
17:46 of 2nd period - Jonathan Toews wins face-off versus Sidney Crosby in Canadiens zone.
17:57 of 2nd period - Wrist shot by Sidney Crosby.
17:57 of 2nd period - Shot Misses the Net.
17:59 of 2nd period - Snap shot by Sidney Crosby.
17:59 of 2nd period - Shot Blocked by Mike Komisarek.
18:01 of 2nd period - Wrist shot by Greg Stewart.
18:01 of 2nd period - Shot Misses the Net.
18:03 of 2nd period - Wrist shot by Greg Stewart.
18:03 of 2nd period - Shot Misses the Net.
18:38 of 2nd period - Wrist shot by Martin St. Louis.
18:38 of 2nd period - Shot Misses the Net.
19:01 of 2nd period - Snap shot by Dustin Boyd.
19:01 of 2nd period - Stopped by Ryan Miller without a rebound.
19:02 of 2nd period - Dustin Boyd wins face-off versus Jonathan Toews in Devils zone.
19:49 of 2nd period - Snap shot by Kellan Lain.
19:49 of 2nd period - Deflect By Martin St. Louis.
19:49 of 2nd period - Goal by Martin St. Louis - Canadiens : 4 - Devils : 4.
19:50 of 2nd period - Sidney Crosby wins face-off versus Jonathan Toews in neutral zone.
Goals for this period are 2 for Canadiens vs 2 for Devils.
Shots for this period are 11 for Canadiens vs 11 for Devils.
3rd period
0:01 of 3rd period - Sidney Crosby wins face-off versus Jonathan Toews in neutral zone.
0:05 of 3rd period - Wrist shot by Sidney Crosby.
0:05 of 3rd period - Shot Misses the Net.
0:07 of 3rd period - Slapshot by Joe Pavelski.
0:07 of 3rd period - Stopped by Ryan Miller with a rebound.
0:09 of 3rd period - Wrist shot by Sidney Crosby.
0:09 of 3rd period - Shot Misses the Net.
0:11 of 3rd period - Slapshot by Dennis Wideman.
0:11 of 3rd period - Stopped by Ryan Miller with a rebound.
0:23 of 3rd period - Minor Penalty to Luke Schenn for Hooking.
0:24 of 3rd period - Matt Duchene wins face-off versus Ladislav Nagy in Canadiens zone.
0:35 of 3rd period - Snap shot by Taylor Hall.
0:35 of 3rd period - Shot Misses the Net.
1:11 of 3rd period - David Jones is hit by Taylor Hall.
2:23 of 3rd period - Penalty to Luke Schenn is over, Luke Schenn is back on ice.
2:24 of 3rd period - Jordan Eberle is hit by Andrew Ebbett and loses puck.
2:31 of 3rd period - Karl Alzner is hit by Chris Kreider and loses puck.
3:08 of 3rd period - Snap shot by Luke Schenn.
3:08 of 3rd period - Stopped by Ryan Miller with a rebound.
3:10 of 3rd period - Wrist shot by Greg Stewart.
3:10 of 3rd period - Deflect By Andrew Ebbett.
3:10 of 3rd period - Stopped by Ryan Miller with a rebound.
3:18 of 3rd period - Snap shot by Luke Schenn.
3:18 of 3rd period - Shot Blocked by Mike Komisarek.
3:20 of 3rd period - Wrist shot by Andrew Ebbett.
3:20 of 3rd period - Goal by Andrew Ebbett - Canadiens : 5 - Devils : 4.
3:21 of 3rd period - Jason Spezza wins face-off versus Mikko Koivu in neutral zone.
3:51 of 3rd period - Wrist shot by Jonathan Toews.
3:51 of 3rd period - Shot Misses the Net.
4:20 of 3rd period - Slapshot by Dennis Wideman.
4:20 of 3rd period - Stopped by Ryan Miller without a rebound.
4:21 of 3rd period - Sidney Crosby wins face-off versus Matt Duchene in Devils zone.
4:44 of 3rd period - Minor Penalty to Greg Stewart for Hooking.
4:45 of 3rd period - Matt Duchene wins face-off versus Jason Spezza in Canadiens zone.
4:52 of 3rd period - Wrist shot by Matt Duchene.
4:52 of 3rd period - Shot Misses the Net.
4:54 of 3rd period - Slapshot by Dmitry Kulikov.
4:54 of 3rd period - Deflect By Patrick Kane.
4:54 of 3rd period - Shot Misses the Net.
4:54 of 3rd period - Puck is out of play.
4:55 of 3rd period - Matt Duchene wins face-off versus Jason Spezza in Canadiens zone.
4:56 of 3rd period - Snap shot by Patrick Kane.
4:56 of 3rd period - Stopped by Jonathan Bernier without a rebound.
4:57 of 3rd period - Matt Duchene wins face-off versus Ladislav Nagy in Canadiens zone.
5:06 of 3rd period - Snap shot by Patrick Kane.
5:06 of 3rd period - Stopped by Jonathan Bernier without a rebound.
5:07 of 3rd period - Jason Spezza wins face-off versus Matt Duchene in Canadiens zone.
5:46 of 3rd period - Wrist shot by Patrick Kane.
5:46 of 3rd period - Shot Misses the Net.
5:48 of 3rd period - Snap shot by Matt Duchene.
5:48 of 3rd period - Shot Misses the Net.
5:50 of 3rd period - Wrist shot by Patrick Kane.
5:50 of 3rd period - Stopped by Jonathan Bernier with a rebound.
5:52 of 3rd period - Slapshot by Taylor Hall.
5:52 of 3rd period - Deflect By Matt Duchene.
5:52 of 3rd period - Stopped by Jonathan Bernier with a rebound.
5:54 of 3rd period - Snap shot by Dmitry Kulikov.
5:54 of 3rd period - Goal by Dmitry Kulikov - Canadiens : 5 - Devils : 5.
5:55 of 3rd period - Sidney Crosby wins face-off versus Kellan Lain in neutral zone.
6:02 of 3rd period - Wrist shot by Sidney Crosby.
6:02 of 3rd period - Shot Misses the Net.
6:04 of 3rd period - Slapshot by Karl Alzner.
6:04 of 3rd period - Stopped by Ryan Miller with a rebound.
6:06 of 3rd period - Slapshot by Greg Stewart.
6:06 of 3rd period - Deflect By Joe Pavelski.
6:06 of 3rd period - Shot Misses the Net.
6:06 of 3rd period - Puck is out of play.
6:07 of 3rd period - Jonathan Toews wins face-off versus Sidney Crosby in Devils zone.
7:16 of 3rd period - Andrew Ebbett is hit by Erik Christensen and loses puck.
8:21 of 3rd period - Brett Maclean is hit by Martin St. Louis and loses puck.
8:33 of 3rd period - Minor Penalty to Mikko Koivu for Tripping.
8:34 of 3rd period - Erik Christensen wins face-off versus Sidney Crosby in Devils zone.
9:00 of 3rd period - Vitaly Vishnevsky is hit by Ryan Whitney and loses puck.
9:15 of 3rd period - Luke Schenn is hit by Kyle Cumiskey and loses puck.
9:44 of 3rd period - Dmitry Kulikov is hit by Luke Schenn and loses puck.
9:49 of 3rd period - Snap shot by Jason Spezza.
9:49 of 3rd period - Shot Misses the Net.
9:51 of 3rd period - Slapshot by Dennis Wideman.
9:51 of 3rd period - Deflect By Ladislav Nagy.
9:51 of 3rd period - Goal by Ladislav Nagy - Canadiens : 6 - Devils : 5.
9:52 of 3rd period - Sidney Crosby wins face-off versus Patrick Kane in neutral zone.
10:09 of 3rd period - Wrist shot by Joe Pavelski.
10:09 of 3rd period - Shot Blocked by Tyler Cuma.
10:25 of 3rd period - Tyler Cuma is hit by Dustin Boyd and loses puck.
10:52 of 3rd period - Minor Penalty to Tyler Cuma for Slashing.
10:53 of 3rd period - Sidney Crosby wins face-off versus Patrick Kane in Devils zone.
10:54 of 3rd period - Wrist shot by Joe Pavelski.
10:54 of 3rd period - Stopped by Ryan Miller with a rebound.
10:56 of 3rd period - Snap shot by Patrick Sharp.
10:56 of 3rd period - Shot Misses the Net.
10:58 of 3rd period - Slapshot by Patrick Sharp.
10:58 of 3rd period - Shot Misses the Net.
12:10 of 3rd period - Joe Pavelski is hit by Kyle Cumiskey and loses puck.
12:17 of 3rd period - Patrick Sharp is hit by Dmitry Kulikov.
12:52 of 3rd period - Penalty to Tyler Cuma is over, Tyler Cuma is back on ice.
13:00 of 3rd period - Jonathan Toews is hit by Dustin Boyd and loses puck.
13:22 of 3rd period - Marcel Goc is hit by Ryan Whitney.
13:26 of 3rd period - Anthony Stewart is hit by Andrew Ebbett.
13:57 of 3rd period - Minor Penalty to Taylor Hall for Goalie Interference.
13:58 of 3rd period - Mikko Koivu wins face-off versus Sidney Crosby in Devils zone.
14:36 of 3rd period - Dennis Wideman is hit by Dmitry Kulikov and loses puck.
15:57 of 3rd period - Penalty to Taylor Hall is over, Taylor Hall is back on ice.
17:00 of 3rd period - Dennis Wideman is hit by Ryan Whitney.
18:57 of 3rd period - Slapshot by Joe Pavelski.
18:57 of 3rd period - Shot Blocked by Anthony Stewart.
18:59 of 3rd period - Snap shot by Sidney Crosby.
18:59 of 3rd period - Shot Misses the Net.
19:05 of 3rd period - Snap shot by Sidney Crosby.
19:05 of 3rd period - Stopped by Ryan Miller without a rebound.
19:06 of 3rd period - Jacques Lemaire call a timeout for Devils.
19:06 of 3rd period - Jonathan Toews wins face-off versus Sidney Crosby in Devils zone.
19:11 of 3rd period - Devils, Ryan Miller is pulled from the net.
19:21 of 3rd period - Wrist shot by Jonathan Toews.
19:21 of 3rd period - Deflect By Chris Kreider.
19:21 of 3rd period - Shot Misses the Net.
19:21 of 3rd period - Puck is out of play.
19:22 of 3rd period - Joe Pavelski wins face-off versus Jonathan Toews in Canadiens zone.
19:22 of 3rd period - Joe Pavelski is hit by Jonathan Toews.
19:37 of 3rd period - Icing by Dennis Wideman.
19:38 of 3rd period - Joe Pavelski wins face-off versus Jonathan Toews in Canadiens zone.
19:38 of 3rd period - Joe Pavelski is hit by Martin St. Louis.
19:44 of 3rd period - Slapshot by Joe Pavelski.
19:44 of 3rd period - Goal by Joe Pavelski - Canadiens : 7 - Devils : 5.
19:44 of 3rd period - Ryan Miller from Devils was sent back in the game.
19:45 of 3rd period - Mikko Koivu wins face-off versus Dustin Boyd in neutral zone.
19:54 of 3rd period - Minor Penalty to Tyler Cuma for Hooking.
19:55 of 3rd period - Mikko Koivu wins face-off versus Sidney Crosby in Devils zone.
Goals for this period are 3 for Canadiens vs 1 for Devils.
Shots for this period are 11 for Canadiens vs 5 for Devils.
Back to the Top